 Dungeon Crawl Stone Soup version 0.23.0 (webtiles) character file.

Game seed: 11151321749592625584

9 Monsterracer the Vexing (level 2, -1/23 HPs)
             Began as a Hill Orc Enchanter on Feb 16, 2019.
             Slain by a kobold
             ... wielding a cursed +0 short sword
              (7 damage)
             ... on level 1 of the Dungeon.
             The game lasted 00:00:19 (69 turns).

Monsterracer the Vexing (Hill Orc Enchanter)          Turns: 69, Time: 00:00:19

Health: -1/23      AC:  2    Str: 10    XL:     2   Next: 12%
Magic:  4/4        EV: 12    Int: 15    God:
Gold:   0          SH:  0    Dex: 11    Spells: 3/4 levels left

rFire    . . .     SeeInvis .   a - +1 dagger
rCold    . . .     Gourm    .   (no shield)
rNeg     . . .     Faith    .   b - +0 robe
rPois    .         Spirit   .   (no helmet)
rElec    .         Reflect  .   (no cloak)
rCorr    .         Harm     .   (no gloves)
MR       .....                  (no boots)
Stlth    ++........             (no amulet)
HPRegen  0.07/turn              (no ring)
MPRegen  0.09/turn              (no ring)

@: no status effects
A: no striking features
a: no special abilities


You were on level 1 of the Dungeon.
You were not hungry.

You visited 1 branch of the dungeon, and saw 1 of its levels.

Inventory:

Hand Weapons
 a - a +1 dagger (weapon)
Armour
 b - a +0 robe (worn)
Comestibles
 c - a ration


   Skills:
 + Level 1.0 Fighting
 * Level 1.8 Short Blades
 - Level 1.5 Dodging
 - Level 2.4 Stealth
 - Level 1.5 Spellcasting
 - Level 3.0 Hexes


You had 3 spell levels left.
You knew the following spells:

 Your Spells              Type           Power        Failure   Level  Hunger
j - Corona                Hex            ##.....      7%          1    ##.....

Your spell library contained the following spells:

 Spells                   Type           Power        Failure   Level  Hunger
 Ensorcelled Hibernation  Hex/Ice        #.....       19%         2    ###....
 Confuse                  Hex            ##......     21%         3    ####...
 Tukima's Dance           Hex            ##......     21%         3    ####...
 Dazzling Spray           Conj/Hex       #.....       36%         3    ####...


Dungeon Overview and Level Annotations

Branches:
Dungeon (1/15)

Altars:


Message History

You hit the frilled lizard.
The frilled lizard is heavily wounded.
The frilled lizard misses you.
You miss the frilled lizard.
The frilled lizard is heavily wounded.
The frilled lizard bites you.
You miss the frilled lizard.
The frilled lizard is heavily wounded.
The frilled lizard closely misses you.
The frilled lizard bites you but does no damage.
The frilled lizard closely misses you.
You hit the frilled lizard.
You kill the frilled lizard!
The frilled lizard closely misses you.
The frilled lizard bites you but does no damage.
You hit the frilled lizard.
You kill the frilled lizard!
The bat barely misses you. The bat closely misses you.
The bat hits you but does no damage. The bat misses you.
The bat barely misses you. The bat hits you but does no damage.
The bat closely misses you.
There is an open door here.
You swing at nothing.
The bat closely misses you. The bat barely misses you.
You hit the bat.
The bat is moderately wounded.
The bat completely misses you. The bat hits you but does no damage.
You hit the bat.
You kill the bat!
The bat hits you.
You take 1 damage, and have 10/15 hp.
You swing at nothing.
The bat hits you but does no damage.
You hit the bat.
The bat is severely wounded.
The bat closely misses you. x2
You hit the bat but do no damage.
The bat is severely wounded.
The bat hits you. The bat hits you but does no damage.
The frilled lizard unfolds its giant frill.
You take 1 damage, and have 9/15 hp.
You hit the bat.
You kill the bat!
You closely miss the frilled lizard. The frilled lizard misses you.
You closely miss the frilled lizard. The frilled lizard barely misses you.
You closely miss the frilled lizard. The frilled lizard misses you.
You barely miss the frilled lizard.
The frilled lizard bites you but does no damage.
You closely miss the frilled lizard. You closely miss the frilled lizard.
The frilled lizard bites you.
The frilled lizard hisses.
You take 1 damage, and have 9/15 hp.
You miss the frilled lizard. The frilled lizard closely misses you.
You closely miss the frilled lizard. The frilled lizard bites you.
* * * LOW HITPOINT WARNING * * *
You take 2 damage, and have 7/15 hp.
You hit the frilled lizard.
You kill the frilled lizard!
You have reached level 2!
You regained 3 hp, and now have 10/22 hp.
MP restored: 4 You barely miss the frilled lizard.
The frilled lizard hisses.
The frilled lizard misses you.
You hit the frilled lizard.
You kill the frilled lizard!
Your Fighting skill increases to level 1!
You hit the frilled lizard.
The frilled lizard is heavily wounded.
The frilled lizard completely misses you.
You barely miss the frilled lizard.
The frilled lizard is heavily wounded.
The frilled lizard barely misses you.
You barely miss the frilled lizard.
The frilled lizard is heavily wounded.
The frilled lizard barely misses you.
You hit the frilled lizard.
You kill the frilled lizard!
You closely miss the rat. The rat bites you.
* * * LOW HITPOINT WARNING * * *
You take 2 damage, and have 9/23 hp.
You barely miss the rat. The rat closely misses you.
Unknown command.
You hit the rat.
You kill the rat!
The ooze jiggles.
Unknown command.
You closely miss the kobold. The kobold hits you but does no damage.
You closely miss the kobold.
The kobold hits you with a cursed +0 short sword.
* * * LOW HITPOINT WARNING * * *
You take 4 damage, and have 5/23 hp.
You closely miss the kobold. The kobold hits you but does no damage.
You closely miss the kobold. The kobold completely misses you.
You hit the kobold.
The kobold is heavily wounded.
The kobold hits you but does no damage.
You hit the kobold.
The kobold is severely wounded.
The kobold hits you with a cursed +0 short sword!
You die...

#.. ..# .. #.#
# #. ##.# .#
#.##..##.#
#....=.†.#
##...l$KJ+
#J....###.r≈≈≈
#K##..# ≈≈≈
###@##### ≈
##≈♣.♣≈##
#≈≈♣.♣≈≈#
#≈≈♣.♣≈≈#
#≈♣...♣≈#
♣.....♣#
#.#.#.#
###<### ###


You could see an ooze and a kobold.

Vanquished Creatures
  2 bats (D:1)
  8 frilled lizards (D:1)
  2 rats (D:1)
12 creatures vanquished.

Notes
Turn   | Place    | Note
-------+----------+-------------------------------------------
     0 | D:1      | Monsterracer the Hill Orc Enchanter began the quest for the
                  | Orb.
     0 | D:1      | Reached XP level 1. HP: 14/14 MP: 3/3
    53 | D:1      | HP: 7/15 [frilled lizard (2)]
    54 | D:1      | Reached XP level 2. HP: 10/22 MP: 4/4
    56 | D:1      | Reached skill level 1 in Fighting
    61 | D:1      | HP: 9/23 [rat (2)]
    69 | D:1      | Slain by a kobold

Skill      XL: |  1  2 |
---------------+-------+-----
Fighting       | 1 |  1.0
Short Blades   | |  1.8
Dodging        | |  1.5
Stealth        | |  2.4
Spellcasting   | |  1.5
Hexes          | |  3.0

Action                   || total
-------------------------++-------
Melee: Dagger            ||    42
Armor: Robe              ||    10
Dodge: Dodged            ||    29

Levels and vault maps discovered:
D:1:      saegor_arrival_simple_d, layout_loops_corners, minmay_lizard_pond
